 Dungeon Crawl Stone Soup version 0.30.1-4-g462c640d31 (webtiles) character file.

Game seed: 1767872389232163871

7765 hawla the Thaumaturge (level 11, -23/79 HPs)
             Began as a Meteoran Fire Elementalist on Aug 20, 2023.
             Killed from afar by a gargoyle (24 damage)
             ... with a stone arrow
             ... on level 8 of the Dungeon.
             The game lasted 00:21:46 (4130 turns).

hawla the Thaumaturge (Meteoran Fire Elementalist)  Turns: 4130, Time: 00:21:47

Health: -23/79     AC:  7    Str:  9    XL:     11   Next: 70%
Magic:  23/28      EV: 15    Int: 21    God:
Gold:   193        SH:  5    Dex: 20    Spells: 25/34 levels left

rFire   + . .        C - +0 quarterstaff (distort)
rCold   . . .        (shield currently unavailable)
rNeg    . . .        w - +2 robe {Will+}
rPois   +            m - +2 helmet
rElec   .            (no cloak)
rCorr   .            (no gloves)
SInv    +            (no boots)
Will    ++...        v - amulet of reflection
Stlth   +            q - ring of see invisible
HPRegen 0.33/turn    d - ring "Axtewk" {Fly rPois rF+ Dex+4}
MPRegen 0.21/turn

%: reflection
@: flying, glowing
A: sense surroundings 2, otherworldly, glowing, explore regen
a: no special abilities


You were on level 8 of the Dungeon.
You visited 2 branches of the dungeon, and saw 9 of its levels.
You also visited: Sewer and Bailey.

You collected 511 gold pieces.
You spent 318 gold pieces at shops.

Inventory:

Hand Weapons
 C - a +0 quarterstaff of distortion (weapon)
Armour
 m - a +2 helmet (worn)
 w - a +2 robe of willpower (worn)
 B - +0 steam dragon scales
Jewellery
 d - the ring "Axtewk" (right hand) {Fly rPois rF+ Dex+4}
   (You acquired it on level 8 of the Dungeon)

   [ring of protection from fire]

   Dex:       It affects your dexterity (+4).
   rF:        It protects you from fire.
   rPois:     It protects you from poison.
   Fly:       It grants you flight.
 q - a ring of see invisible (left hand)
 v - an amulet of reflection (around neck)
Wands
 f - a wand of polymorph (4)
 n - a wand of paralysis (6)
 A - a wand of flame (9)
Scrolls
 c - a scroll of enchant armour
 h - a scroll of poison
 o - a scroll of butterflies
 p - 2 scrolls of blinking
 x - 2 scrolls of fog
 y - a scroll of magic mapping
 z - 2 scrolls of enchant weapon
 D - a scroll of identify
Potions
 a - a potion of degeneration {unknown}
 b - 2 potions of magic
 e - a potion of ambrosia
 g - 2 potions of cancellation
 i - 4 potions of curing
 j - 3 potions of flight
 k - a potion of heal wounds
 l - a potion of lignification {unknown}
 r - a potion of berserk rage
 s - a potion of haste
 t - a potion of invisibility {unknown}
 u - 7 potions of might


   Skills:
 + Level 2.3 Fighting
 + Level 4.4 Maces & Flails
 + Level 5.4 Dodging
 - Level 1.4 Stealth
 + Level 12.2 Spellcasting
 + Level 8.4 Conjurations
 + Level 11.8 Fire Magic
 + Level 3.0 Air Magic
 + Level 3.0 Evocations


You had 25 spell levels left.
You knew the following spells:

 Your Spells              Type           Power      Damage    Failure   Level
a - Foxfire               Conj/Fire      100%       2x1d9     1%          1
b - Scorch                Fire           100%       2d9       1%          2
c - Flame Wave            Conj/Fire      53%        2d13      1%          4
d - Passwall              Tmut/Erth      10%        N/A       8%          2

Your spell library contained the following spells:

 Spells                   Type           Power      Damage    Failure   Level
 Magic Dart               Conj           100%       1d8       1%          1
 Inner Flame              Hex/Fire       37%        N/A       1%          3
 Volatile Blastmotes      Fire/Tloc      74%        2d16      1%          3
 Mephitic Cloud           Conj/Pois/Air  28%        N/A       3%          3
 Swiftness                Air            25%        N/A       4%          3
 Call Imp                 Summ           24%        N/A       8%          2
 Ensorcelled Hibernation  Hex/Ice        24%        N/A       8%          2
 Spider Form              Tmut/Pois      12%        N/A       16%         3
 Anguish                  Hex/Necr       6%         N/A       45%         4


Dungeon Overview and Level Annotations

Branches:
Dungeon (8/15) Zot: 978    Temple (1/1) D:6 Zot: 559    Lair (0/5) D:8
  Sewer (visited)          Bailey (visited)

Altars:
Cheibriados
Dithmenos
Elyvilon
Fedhas
Gozag
Hepliaklqana
Kikubaaqudgha
Nemelex Xobeh
Okawaru
Qazlal
Ru
Sif Muna
Trog
Uskayaw
Wu Jian
Xom
Yredelemnul
Zin
The Shining One

Shops:
D:6 =*?!   D:8 :

Annotations:
D:8 1 transporter


Innate Abilities, Weirdness & Mutations

You passively map the area around you.
You are easily found by Zot.
You glow in the dark.
You regain HP and MP as you explore.


Message History

The centaur warrior wields a +0 shortbow.
The centaur warrior shoots an arrow.
The arrow hits you! The unseen horror hits you.
Cast which spell? (? or * to list)
Casting: Flame Wave (dangerous; 1% risk of failure)
Press: ? - help, Dir - look around, f - activate A wave of flame ripples out!
The flame wave engulfs the orc!
You kill the orc!
The flame wave engulfs the cyclops!
The cyclops is moderately wounded.
The flame wave engulfs the gargoyle but does no damage.
The flame wave engulfs the unseen horror!
The unseen horror is moderately wounded. (Press . to intensify the flame waves.)
You block the unseen horror's attack.
The centaur warrior shoots an arrow.
The arrow hits you.
The gargoyle hurls a stone arrow at you.
The stone arrow hits you! The cyclops hits you!
The centaur warrior shoots an arrow.
The arrow hits you!
* * * LOW HITPOINT WARNING * * *
A wave of flame ripples out!
The flame wave engulfs the cyclops!
The cyclops is heavily wounded.
The flame wave engulfs the gargoyle.
The gargoyle is lightly damaged.
The flame wave engulfs the tengu warrior!
The tengu warrior is lightly wounded.
The flame wave engulfs the centaur warrior.
The centaur warrior is lightly wounded.
The flame wave engulfs the unseen horror!
The unseen horror is heavily wounded.
The unseen horror changes into a rime drake!
The tengu warrior closely misses you. The tengu warrior pecks you.
* * * LOW HITPOINT WARNING * * *
The tengu warrior claws you but does no damage.
The centaur warrior shoots an arrow.
You block the arrow with an invisible shield... and reflect it back!
The arrow hits the centaur warrior!!
The gargoyle hurls a stone arrow at you.
The stone arrow hits you!!
You die...

##### ########...##
#...........#####
#.###.....©.....##
####)##..#########..#
##....##.##8c....8##.#
#..#####.#...)9Q...#.#
#.## #.#.##C@.##.#.#
###.# #.#.##...##.#.#
#...# #.#..k.....©#.#
..### #.#.##...##.#.#
.## #.#.##...##.#.# .#
#.#..($$?.CC#.# .##
#.##8$._=$8##.# ..##
#..#########..#
...########.....©.....##


You could see a tengu warrior, a centaur warrior, a cyclops, a rime drake shaped
shifter and a gargoyle.

Vanquished Creatures
  A two-headed ogre (Bailey)
  Erica (D:8)
  Pikel (D:8)
  A hornet (D:8)
  A troll (D:8)
  Sigmund (D:4)
  A wyvern (D:7)
  5 spriggans (Bailey)
  3 yaks (D:8)
  A steam dragon (Bailey)
  Grum (D:8)
  A water moccasin (D:6)
  An orc warrior (D:8)
  6 ice beasts
  A black bear (D:6)
  A sky beast (D:8)
  5 ogres
  2 centaurs
  6 wolves (D:8)
  A lemure (D:8)
  Blork the orc (D:6)
  4 kobold brigands
  A bullfrog (D:6)
  A gnoll sergeant (D:7)
  6 scorpions
  5 wights (D:7)
  3 killer bees (D:8)
  4 electric eels (D:8)
  2 howler monkeys (D:7)
  7 hounds
  A gnoll bouda (D:4)
  An orc priest (D:8)
  3 iguanas
  An orc wizard (D:8)
  8 gnolls
  5 adders
  A river rat (Sewer)
  A white imp (D:7)
  2 worms
  A dart slug (D:5)
  22 orcs
  An endoplasm (D:2)
  2 giant cockroaches
  3 hobgoblins
  A jackal (Sewer)
  4 quokkas
  3 ball pythons
  5 bats
  2 frilled lizards (D:1)
  22 kobolds
  8 rats
172 creatures vanquished.

Vanquished Creatures (others)
  244 foxfires
244 creatures vanquished.

Grand Total: 416 creatures vanquished

Notes
Turn   | Place    | Note
-------+----------+-------------------------------------------
     0 | D:1      | hawla the Meteoran Fire Elementalist began the quest for
                  | the Orb.
     0 | D:1      | Reached XP level 1. HP: 14/14 MP: 5/5
    78 | D:1      | Reached XP level 2. HP: 10/20 MP: 2/6
   101 | D:1      | Learned a level 2 spell: Scorch
   175 | D:2      | Reached skill level 3 in Spellcasting
   175 | D:2      | Reached XP level 3. HP: 23/26 MP: 1/8
   195 | D:3      | Found a hazy altar of Hepliaklqana.
   237 | D:3      | Reached XP level 4. HP: 33/33 MP: 3/9
   242 | D:3      | Learned a level 4 spell: Flame Wave
   314 | D:4      | Found a shimmering blue altar of Sif Muna.
   328 | D:4      | Noticed an ice beast
   334 | D:4      | Killed an ice beast
   335 | D:4      | Reached XP level 5. HP: 38/38 MP: 0/11
   335 | D:4      | Reached XP level 6. HP: 45/45 MP: 0/12
   418 | D:4      | Found an ornate altar of the Wu Jian Council.
   424 | D:4      | Reached skill level 5 in Fire Magic
   515 | D:4      | Found a glowing drain.
   528 | Sewer    | Entered a sewer
   598 | Sewer    | Reached skill level 1 in Maces & Flails
   598 | Sewer    | Reached skill level 4 in Spellcasting
   598 | Sewer    | Reached XP level 7. HP: 47/51 MP: 7/14
   600 | Sewer    | Reached skill level 5 in Conjurations
   619 | Sewer    | Found a white marble altar of Elyvilon.
   754 | D:4      | Noticed Sigmund
   759 | D:4      | Killed Sigmund
   916 | D:4      | Found a glowing silver altar of Zin.
  1223 | D:5      | Entered Level 5 of the Dungeon
  1235 | D:5      | Reached XP level 8. HP: 54/58 MP: 8/16
  1239 | D:5      | Reached skill level 1 in Fighting
  1239 | D:5      | Reached skill level 5 in Spellcasting
  1333 | D:5      | Found a glowing golden altar of the Shining One.
  1357 | D:5      | Found a stormy altar of Qazlal.
  1420 | D:5      | Found a hide-covered altar of Uskayaw.
  1744 | D:5      | Reached skill level 6 in Spellcasting
  1837 | D:6      | Found a staircase to the Ecumenical Temple.
  1879 | Temple   | Entered the Ecumenical Temple
  1991 | D:6      | Found a sparkling altar of Nemelex Xobeh.
  2114 | D:6      | Found Ydim's Distillery.
  2130 | D:6      | Gained mutation: You passively map the area around you.
                  | [Meteoran growth]
  2130 | D:6      | Reached XP level 9. HP: 54/64 MP: 8/19
  2138 | D:6      | Reached skill level 7 in Spellcasting
  2144 | D:6      | Noticed Blork the orc
  2165 | D:6      | Killed Blork the orc
  2191 | D:6      | Bought a potion of curing for 42 gold pieces
  2191 | D:6      | Bought a potion of might for 56 gold pieces
  2191 | D:6      | Bought a potion of curing for 42 gold pieces
  2191 | D:6      | Bought a potion of might for 56 gold pieces
  2208 | D:6      | Found Sempix's Assorted Antiques.
  2219 | D:6      | Found Fiutothrucwo's Jewellery Shop.
  2474 | D:6      | Found Huhuagi's Magic Scroll Emporium.
  2601 | D:6      | Bought an embroidered robe for 96 gold pieces
  2623 | D:6      | Bought a scroll of identify for 26 gold pieces
  2692 | D:7      | Reached skill level 8 in Spellcasting
  2713 | D:7      | Found an ancient bone altar of Kikubaaqudgha.
  2782 | D:7      | Reached XP level 10. HP: 73/73 MP: 9/23
  2783 | D:7      | Reached skill level 9 in Spellcasting
  2952 | D:7      | Found a flagged portal.
  2971 | D:7      | Learned a level 2 spell: Passwall
  2972 | Bailey   | Entered a bailey
  2981 | Bailey   | Reached skill level 1 in Air Magic
  2981 | Bailey   | Reached skill level 1 in Evocations
  3026 | Bailey   | Reached skill level 10 in Fire Magic
  3056 | Bailey   | Reached skill level 10 in Spellcasting
  3056 | Bailey   | Noticed a two-headed ogre
  3064 | Bailey   | Killed a two-headed ogre
  3163 | D:7      | Found an opulent altar of Gozag.
  3419 | D:8      | Identified a scroll of acquirement
  3419 | D:8      | Acquired the ring "Axtewk" {Fly rPois rF+ Dex+4}
  3422 | D:8      | Noticed Grum
  3426 | D:8      | Reached XP level 11. HP: 79/79 MP: 18/26
  3431 | D:8      | Killed Grum
  3438 | D:8      | Found Isocugrota's Book Emporium.
  3449 | D:8      | Found a shadowy altar of Dithmenos.
  3482 | D:8      | Reached skill level 5 in Dodging
  3514 | D:8      | Noticed Pikel
  3523 | D:8      | Killed Pikel
  3524 | D:8      | Reached skill level 11 in Spellcasting
  3656 | D:8      | Found a staircase to the Lair.
  3661 | D:8      | Reached skill level 12 in Spellcasting
  3937 | D:8      | Noticed Erica
  3943 | D:8      | Killed Erica
  3948 | D:8      | Found a transporter.
  3949 | D:8      | Noticed a centaur warrior
  3952 | D:8      | Noticed a cyclops
  3954 | D:8      | Noticed a tengu warrior
  3959 | D:8      | Found a transporter.
  3968 | D:8      | Found a sacrificial altar of Ru.
  4130 | D:8      | HP: 1/79 [tengu warrior/+1 battleaxe (6)]
  4130 | D:8      | Killed from afar by a gargoyle

Illustrated notes

Levels and vault maps discovered:
D:1:      tarquinn_simple_flora_water_d, layout_basic, minmay_domino_4
D:2:      layout_basic
D:3:      layout_loops_ring, nicolae_hepliaklqana_hazy_memory
D:4:      layout_cave_pools, overflow_temple_1_default,
          mainiacjoe_overflow_catwalk, lemuel_tele_altar,
          cheibrodos_sewer_entry_bend, chequers_big_river, chequers_arboretum,
          uniq_sigmund
D:5:      layout_basic, mainiacjoe_overflow_small_starburst, tso_oasis_becter,
          mainiacjoe_overflow_alcove_4
D:6:      layout_loops_ring, nemelex_diamond_rough_becter,
          minmay_temple_entry_statues_pillars, serial_shops, shop_coins,
          nicolae_shop_gaudy_bauble, nicolae_shop_waterfront, shop,
          uniq_blork_the_orc
D:7:      layout_gridville, grunt_gozag_statues, kiku_gazebo_pond_becter,
          enter_bailey_4
D:8:      layout_loops_cross, general_overflow_altar,
          gammafunk_temple_overflow_arena, erik_lair_island, serial_shops, shop,
          uniq_erica, uniq_pikel, uniq_grum
Temple:   hellmonk_temple_of_storms

Skill      XL: |  1  2  3  4  5  6  7  8  9 10 11 |
---------------+----------------------------------+-----
Fire Magic     | 4 5 6 7 9 10 11 | 11.8
Spellcasting   | 3 4 6 8 10 12 | 12.2
Conjurations   | 4 5 6 7 8 |  8.4
Dodging        | 3 4 5 |  5.4
Maces & Flails | 1 2 4 |  4.4
Fighting       | 1 2 |  2.3
Air Magic      | 3 |  3.0
Evocations     | 3 |  3.0
Stealth        | |  1.4

Action                     |  1- 3 |  4- 6 |  7- 9 | 10-12 || total
---------------------------+-------+-------+-------+-------++-------
  Melee: Unarmed           |     5 |       |       |       ||     5
         Punch             |     1 |       |       |       ||     1
         Mace              |     3 |    17 |    31 |       ||    51
         Quarterstaff      |       |       |       |     3 ||     3
   Cast: Foxfire           |    21 |    27 |    54 |    45 ||   147
         Scorch            |     5 |     8 |    35 |    42 ||    90
         Flame Wave        |       |     2 |     9 |    19 ||    30
    Use: Scroll            |       |     6 |    12 |     3 ||    21
         Potion            |       |     1 |       |     1 ||     2
 Armour: Robe              |     7 |     5 |    22 |    16 ||    50
  Dodge: Dodged            |    11 |    17 |    45 |    39 ||   112
  Block: Other             |       |       |       |    12 ||    12
         Reflection        |       |       |       |     1 ||     1
